 Dungeon Crawl Stone Soup version 0.28.0-43-g3370ac3207 (webtiles) character file.

Game seed: 16618457051854069016

590 4FPSwarrior the Sneak (level 7, 0/35 HPs)
             Began as a Vine Stalker Enchanter on Mar 20, 2022.
             Shot with an arrow by a centaur (5 damage)
             ... on level 5 of the Dungeon.
             The game lasted 00:11:27 (3722 turns).

4FPSwarrior the Sneak (Vine Stalker Enchanter)      Turns: 3722, Time: 00:11:28

Health: 0/35       AC:  3    Str: 11    XL:     7   Next: 38%
Magic:  0/13       EV: 12    Int: 15    God:
Gold:   62         SH:  0    Dex: 16    Spells: 5/13 levels left

rFire   . . .      SeeInvis .   d - +0 dagger (speed)
rCold   . . .      Faith    .   (no shield)
rNeg    . . .      Spirit   +   b - +0 robe
rPois   .          Reflect  .   (no helmet)
rElec   .          Harm     .   q - +0 cloak
rCorr   .          Rampage  .   (no gloves)
Will    .....                   (no boots)
Stlth   +++.......              i - amulet of magic regeneration
HPRegen 0.91/turn               (no ring)
MPRegen 0.53/turn               (no ring)

@: invisible
A: fangs 2, regeneration 1, magic shield, antimagic bite, no potion heal 2
a: no special abilities


You were on level 5 of the Dungeon.
You visited 1 branch of the dungeon, and saw 5 of its levels.

You collected 256 gold pieces.
You spent 194 gold pieces at shops.

Inventory:

Hand Weapons
 a - a +1 dagger
 d - a +0 dagger of speed (weapon)
Armour
 b - a +0 robe (worn)
 q - a +0 cloak (worn)
Jewellery
 i - an amulet of magic regeneration (around neck)
 k - a ring of fire
 l - a +6 ring of intelligence
Wands
 o - a wand of flame (7)
Scrolls
 e - 2 scrolls of enchant weapon
 g - 2 scrolls of enchant armour
 h - 3 scrolls of noise
 j - a scroll of magic mapping {unknown}
 p - 2 scrolls of brand weapon {unknown}
 r - 4 scrolls of teleportation
 s - a scroll of immolation {unknown}
 t - a scroll of fear
Potions
 f - 2 potions of mutation
 m - a potion of haste
 n - a potion of brilliance


   Skills:
 + Level 2.5 Fighting
 + Level 2.7 Short Blades
 - Level 1.5 Dodging
 + Level 5.4 Stealth
 + Level 3.7 Spellcasting
 * Level 4.4 Hexes
 + Level 2.6 Ice Magic


You had 5 spell levels left.
You knew the following spells:

 Your Spells              Type           Power      Damage    Failure   Level
a - Ensorcelled Hibernat  Hex/Ice        26%        N/A       6%          2
b - Confusing Touch       Hex            16%        N/A       9%          3
c - Tukima's Dance        Hex            16%        N/A       9%          3

Your spell library contained the following spells:

 Spells                   Type           Power      Damage    Failure   Level
 Dazzling Flash           Conj/Hex       18%        N/A       22%         3


Dungeon Overview and Level Annotations

Branches:
Dungeon (5/15)
 Temple: D:4-7

Altars:
Elyvilon

Shops:
D:1 (   D:4 ?

Annotations:
D:3 2 runed translucent doors, P0WERM0DE's ghost, amateur MfCK


Innate Abilities, Weirdness & Mutations

You have extremely sharp teeth.
Your natural rate of healing is unusually fast.
When hurt, damage is shared between your health and your magic reserves.
Your bite disrupts and absorbs the magic of your enemies.
Potions cannot restore your health.


Message History

The spell is quite dangerous to miscast (10% risk of failure)!
Continue anyway?
Your hands begin to glow red.
The wyvern skeleton completely misses you.
You hit the wyvern skeleton but do no damage.
The wyvern skeleton appears confused.
You bite the wyvern skeleton. You drain its power.
You feel invigorated.
The wyvern skeleton is moderately damaged.
You catch the helpless wyvern skeleton completely off-guard!
You impale the wyvern skeleton!!
The wyvern skeleton is severely damaged.
A centaur comes into view.
The centaur shouts!
The wyvern skeleton barely misses you.
You catch the helpless wyvern skeleton completely off-guard!
You puncture the wyvern skeleton!
You destroy the wyvern skeleton!
The centaur wields a +0 shortbow.
The centaur shoots an arrow.
The arrow misses you.
The centaur shoots an arrow.
The arrow closely misses you.
Casting: Confusing Touch (dangerous; 9% risk of failure)
Confirm with . or Enter, or press ? or * to list all spells.
Aiming: Ensorcelled Hibernation (safe; 6% risk of failure)
Press: ? - help, Shift-Dir - straight line, f - centaur
Aim: a centaur, wielding a +0 shortbow and quivering arrows (chance to affect: 47%)
The centaur resists with some effort.
The centaur shoots an arrow.
The arrow hits you!
The centaur shoots an arrow.
The arrow hits you!
Casting: Ensorcelled Hibernation (safe; 6% risk of failure)
Confirm with . or Enter, or press ? or * to list all spells.
Aiming: Ensorcelled Hibernation (safe; 6% risk of failure)
Press: ? - help, Shift-Dir - straight line, f/p - centaur
Aim: a centaur, wielding a +0 shortbow and quivering arrows (chance to affect: 47%)
The centaur resists with some effort.
The centaur shoots an arrow.
The arrow hits you!
* * * LOW HITPOINT WARNING * * *
You fade into invisibility!
The centaur shoots an arrow.
The arrow completely misses you.
The centaur shoots an arrow.
The arrow hits you!
* * * LOW HITPOINT WARNING * * *
The centaur shoots an arrow.
The arrow hits you!
You die...

.#.##.#
#.#####.##
###..
#........#
.#.###
#.#####..#
#.# #..# #.#
#..# #.#
#..## #.#
#...#
..#######
#.#.#
#........
#@#.#
#.#######
#.#.# .....#
#c#.# #.##<#
... ..##.#
###
.)##)#####..
...)........
.###>#####.#
. #.#


You could see a centaur.

Vanquished Creatures
  A phantom (D:4)
  2 scorpions (D:4)
  A wyvern skeleton (D:5)
  A jelly (D:3)
  A hound (D:3)
  An orc priest (D:3)
  Ijyb (D:3)
  3 orc wizards
  6 adders
  An ufetubus (D:4)
  2 worms (D:2)
  13 orcs
  3 ball pythons
  10 endoplasms
  2 giant cockroaches
  10 hobgoblins
  3 jackals
  8 bats
  2 frilled lizards
  6 goblins
  6 kobolds
  4 rats
87 creatures vanquished.

Vanquished Creatures (others)
  A fungus (D:4)
1 creature vanquished.

Grand Total: 88 creatures vanquished

Notes
Turn   | Place    | Note
-------+----------+-------------------------------------------
     0 | D:1      | 4FPSwarrior the Vine Stalker Enchanter began the quest for
                  | the Orb.
     0 | D:1      | Reached XP level 1. HP: 9/9 MP: 4/4
    68 | D:1      | Found Vehac's Weapon Shoppe.
    70 | D:1      | Reached skill level 1 in Short Blades
   406 | D:1      | Reached XP level 2. HP: 14/14 MP: 6/6
   409 | D:1      | Learned a level 2 spell: Ensorcelled Hibernation
  1333 | D:2      | Reached skill level 4 in Stealth
  1359 | D:2      | Reached XP level 3. HP: 16/17 MP: 7/7
  1548 | D:2      | Reached skill level 1 in Fighting
  1958 | D:3      | Gained mutation: Your natural rate of healing is unusually
                  | fast. [Vine Stalker growth]
  1958 | D:3      | Reached XP level 4. HP: 22/22 MP: 8/8
  2012 | D:3      | Learned a level 3 spell: Confusing Touch
  2103 | D:3      | Noticed Ijyb
  2142 | D:3      | Killed Ijyb
  2143 | D:3      | Reached skill level 1 in Ice Magic
  2164 | D:3      | Found a large runed translucent door.
  2165 | D:3      | Found a large runed translucent door.
  2171 | D:3      | Noticed P0WERM0DE's ghost (amateur MfCK)
  2355 | D:3      | HP: 1/22 [something (2)]
  2400 | D:3      | Reached XP level 5. HP: 25/25 MP: 10/10
  2418 | D:3      | Found a faded altar of an unknown god.
  2853 | D:3      | Reached XP level 6. HP: 22/30 MP: 7/11
  2866 | D:3      | Learned a level 3 spell: Tukima's Dance
  2958 | D:4      | Reached skill level 5 in Stealth
  2986 | D:4      | Found Yle Bipte's Magic Scroll Shoppe.
  2992 | D:4      | Bought a scroll of enchant armour for 97 gold pieces
  2992 | D:4      | Bought a scroll of teleportation for 39 gold pieces
  2992 | D:4      | Bought a scroll of fear for 45 gold pieces
  2992 | D:4      | Bought a scroll of noise for 13 gold pieces
  3105 | D:4      | Found a white marble altar of Elyvilon.
  3424 | D:4      | Reached XP level 7. HP: 35/35 MP: 13/13
  3639 | D:5      | Entered Level 5 of the Dungeon
  3722 | D:5      | Shot with an arrow by a centaur

Illustrated notes

Levels and vault maps discovered:
D:1:      elethiomel_arrival_shortcut, layout_basic, serial_shops,
          nicolae_shop_trees
D:2:      layout_basic
D:3:      kennysheep_six_static_rooms, layout_rooms, basic_ecumenical_altar,
          ebering_ghost_disaster_area, uniq_ijyb
D:4:      layout_loops_ring, mainiacjoe_overflow_boulevard, serial_shops,
          shop_statue, grunt_ministairs_1
D:5:      layout_loops_ring, portal_sewer_entry_f

Skill      XL: |  1  2  3  4  5  6 |
---------------+-------------------+-----
Short Blades   | 1 2 |  2.7
Stealth        | 4 5 |  5.4
Fighting       | 1 2 |  2.5
Ice Magic      | 1 2 |  2.6
Spellcasting   | 3 |  3.7
Hexes          | 4 |  4.4
Dodging        | |  1.5

Action                   |  1- 3 |  4- 6 |  7- 9 || total
-------------------------+-------+-------+-------++-------
Melee: Dagger            |    75 |   136 |    19 ||   230
       Bite              |    12 |    39 |     7 ||    58
       Punch             |     1 |       |       ||     1
 Cast: Ensorcelled Hiber |    15 |    34 |    11 ||    60
       Confusing Touch   |       |     1 |     1 ||     2
  Use: Scroll            |     3 |     1 |     1 ||     5
       Potion            |       |     1 |     1 ||     2
 Stab: Sleeping          |    18 |    26 |     5 ||    49
       Confused          |       |     1 |     2 ||     3
       Distracted        |       |     1 |       ||     1
Armor: Robe              |    13 |    21 |     4 ||    38
Dodge: Dodged            |    28 |    47 |    13 ||    88
